 Dungeon Crawl Stone Soup version 0.30-a0-620-g0e44632947 (webtiles) character file.

Game seed: 5810461751307469413

159 Oxelix the Shield-Bearer (level 5, 0/47 HPs)
             Began as a Minotaur Fighter on Jan 9, 2023.
             Was an Initiate of Qazlal.
             Slain by an orc wizard
             ... wielding a +0 dagger
              (2 damage)
             ... on level 4 of the Dungeon.
             The game lasted 00:05:51 (3298 turns).

Oxelix the Shield-Bearer (Minotaur Fighter)         Turns: 3298, Time: 00:05:51

Health: 0/47       AC:  8    Str: 22    XL:     5   Next: 17%
Magic:  4/4        EV:  9    Int: 11    God:    Qazlal [......]
Gold:   163        SH:  0    Dex: 10    Spells: 4/4 levels left

rFire   . . .      SeeInvis .    a - +0 war axe
rCold   . . .      Faith    .    c - +0 buckler
rNeg    . . .      Spirit   .    b - +0 scale mail
rPois   .          Reflect  .    (helmet restricted)
rElec   .          Harm     .    (no cloak)
rCorr   .          Rampage  .    (no gloves)
Will    .....                    k - +0 pair of boots Stlth
                                 (no amulet)
HPRegen 0.27/turn                e - +6 ring of intelligence
MPRegen 0.09/turn                (no ring)

@: confused
A: horns 2, retaliatory headbutt
a: Renounce Religion


You were on level 4 of the Dungeon.
You worshipped Qazlal.
Qazlal was noncommittal.
You visited 1 branch of the dungeon, and saw 4 of its levels.

You collected 163 gold pieces.

Inventory:

Hand Weapons
 a - a +0 war axe (weapon)
 q - a +6 club
Armour
 b - a +0 scale mail (worn)
 c - a +0 buckler (worn)
 k - a +0 pair of boots (worn)
 l - an orb of light
Jewellery
 e - a +6 ring of intelligence (left hand)
 r - an amulet of magic regeneration
Wands
 n - a wand of digging (5)
 p - a wand of flame (14)
Scrolls
 g - 2 scrolls of identify {unknown}
 i - 2 scrolls of teleportation {unknown}
 m - a scroll of amnesia {unknown}
 o - a scroll of butterflies {unknown}
Potions
 d - 2 potions of might
 f - 2 potions of curing
 h - a potion of cancellation {unknown}
 j - a potion of heal wounds {unknown}
 s - a potion of brilliance {unknown}
 t - a potion of resistance {unknown}
 u - 2 potions of flight {unknown}


   Skills:
 + Level 4.5 Fighting
 * Level 4.5 Axes
 + Level 4.5 Armour
 + Level 4.5 Shields


You had 4 spell levels left.
You didn't know any spells.
Your spell library contained the following spells:

 Spells                   Type           Power      Damage    Failure   Level
 Beastly Appendage        Tmut           0%         N/A       75%         1
 Wereblood                Tmut           0%         N/A       87%         2
 Spider Form              Tmut/Pois      0%         N/A       98%         3
 Vhi's Electric Charge    Tloc/Air       0%         N/A       98%         3
 Arcjolt                  Conj/Air       0%         1d10      100%        5
 Maxwell's Capacitive Co  Air            0%         ∞         100%        8


Dungeon Overview and Level Annotations

Branches:
Dungeon (4/15)
 Temple: D:4-7

Altars:
Elyvilon
Fedhas
Qazlal
Yredelemnul


Innate Abilities, Weirdness & Mutations

You have a pair of horns on your head.
You reflexively headbutt those who attack you in melee.


Message History

You kill the ball python!
Qazlal accepts your kill.
You miss something. Something hits you but does no damage.
Something hits you but does no damage.
You see here a ball python corpse.
You miss something. Your headbutt misses something.
Something hits you but does no damage. Something hits you.
* * * LOW HITPOINT WARNING * * *
You miss something.
You hear some strange, mumbled words.
A puff of flame appears from out of thin air!
The puff of flame hits you.
* * * LOW HITPOINT WARNING * * *
You miss something. Your headbutt misses something.
Something hits you but does no damage.
You closely miss something. You headbutt something.
You hear some strange, mumbled words.
You are confused.
You bump into the rock wall.
Something hits you but does no damage.
Items here: ) ? [ †.
You miss something. You headbutt something!
Something hits you but does no damage. x2
You bump into the rock wall.
Something hits you but does no damage. Something hits you.
* * * LOW HITPOINT WARNING * * *
Things that are here:
a +0 short sword; a +0 ring mail You miss something.
You feel less confused.
You hear some strange, mumbled words.
You are confused.
You barely miss something. Something hits you.
* * * LOW HITPOINT WARNING * * *
You hear some strange, mumbled words.
A magic dart appears from out of thin air!
The magic dart hits you.
* * * LOW HITPOINT WARNING * * *
Items here: ) ? [ †.
Something hits you.
You die...

####....#....# #....#.##.#
.. #.......#.# #.#
####......# ... ##...###
###.### #...#####
.......########...#...##
.......)##.........###.###
.......†{@.........# #....
.......))#.........###.#..
.........####.#...#.<)#...
.........# #.#...#.##†...
.........# #.#...#.##....
##.......# #.#...#.##....
##....... #.#...#.###...
###.##.# .. ##). #. ... ##
##.


There were no monsters in sight!

Vanquished Creatures
  Ijyb (D:3)
  An orc wizard (D:4)
  3 adders
  An ufetubus (D:4)
  A dart slug (D:3)
  2 orcs
  3 ball pythons
  8 endoplasms
  2 giant cockroaches
  13 goblins
  2 hobgoblins
  3 jackals (D:3)
  A quokka (D:3)
  6 bats
  10 frilled lizards
  15 kobolds
  3 rats
75 creatures vanquished.

Notes
Turn   | Place    | Note
-------+----------+-------------------------------------------
     0 | D:1      | Oxelix the Minotaur Fighter began the quest for the Orb.
     0 | D:1      | Reached XP level 1. HP: 19/19 MP: 0/0
   640 | D:1      | Reached XP level 2. HP: 27/27 MP: 1/1
  1829 | D:2      | Reached XP level 3. HP: 30/33 MP: 2/2
  2078 | D:3      | Found a blossoming altar of Fedhas.
  2133 | D:3      | Found a white marble altar of Elyvilon.
  2176 | D:3      | Found a faded altar of an unknown god.
  2371 | D:3      | Noticed Ijyb
  2379 | D:3      | Killed Ijyb
  2380 | D:3      | Reached XP level 4. HP: 20/40 MP: 3/3
  2808 | D:3      | Found a stormy altar of Qazlal.
  2872 | D:3      | Became a worshipper of Qazlal Stormbringer
  3141 | D:4      | Found a basalt altar of Yredelemnul.
  3284 | D:4      | Reached XP level 5. HP: 14/47 MP: 4/4
  3297 | D:4      | HP: 2/47 [something/magic dart (3)]
  3298 | D:4      | Slain by an orc wizard

Illustrated notes

Levels and vault maps discovered:
D:1:      dpeg_arrival_connections, layout_basic, kennysheep_flooded_box,
          kennysheep_nondescript
D:2:      layout_basic, corexii_shack, minmay_misc_feat_alley,
          minmay_lizard_pond
D:3:      kennysheep_goblin_castle, layout_basic,
          nicolae_elyvilon_peaceful_grove, mainiacjoe_overflow_six_doors_small,
          lemuel_tele_altar, basic_ecumenical_altar
D:4:      minmay_clustersquares, layout_loops_cross,
          nicolae_overflow_hidden_temple, uniq_robin, uniq_pikel

Skill      XL: |  1  2  3  4 |
---------------+-------------+-----
Axes           | 3 4 |  4.5
Armour         | 4 |  4.5
Shields        | 4 |  4.5
Fighting       | 4 |  4.5

Action                   |  1- 3 |  4- 6 || total
-------------------------+-------+-------++-------
Melee: War axe           |   109 |    48 ||   157
       Headbutt          |    10 |     9 ||    19
  Use: Potion            |     1 |       ||     1
Armor: Scale mail        |    79 |    47 ||   126
Dodge: Dodged            |    68 |    32 ||   100
Block: Buckler           |    41 |    15 ||    56

Table legend: (Time is in decaauts)
 A = Elapsed time spent in this place.
 B = Non-inter-level travel time spent in this place.
 C = Inter-level travel time spent in this place.
 D = Time resting spent in this place.
 E = Time spent auto-exploring this place.
 F = Levels seen in this place.
 G = Mean time per level.
                   A        B        C        D        E       F      G
               +--------+--------+--------+--------+--------+-----+--------+
         Total |   3355 |   3265 |     90 |    221 |   2463 |   4 |  838.8 |
       Dungeon |   3355 |   3265 |     90 |    221 |   2463 |   4 |  838.8 |
               +--------+--------+--------+--------+--------+-----+--------+

Top non-repeatable levels by time:
     D:1: 1454 daAuts
     D:3: 1057 daAuts
     D:2: 613 daAuts
     D:4: 229 daAuts
